 Dungeon Crawl Stone Soup version 0.20.1-1-g8b1a95d (webtiles) character file.

8894 papiloppo the Cleaver (level 11, -15/101 HPs)
             Began as a Minotaur Berserker on Nov 21, 2017.
             Was a High Priest of Trog.
             Killed from afar by Harold (36 damage)
             ... with a bolt of fire
             ... on level 10 of the Dungeon.
             The game lasted 00:43:11 (12232 turns).

papiloppo the Cleaver (Minotaur Berserker)         Turns: 12232, Time: 00:43:12

Health: -15/101    AC: 17    Str: 25    XL:     11   Next: 15%
Magic:  0/10       EV: 11    Int:  4    God:    Trog [*****.]
Gold:   763        SH:  0    Dex: 10    Spells: 10/10 levels left

rFire    x . .     SeeInvis +   J - +2 war axe (venom)
rCold    + . .     Gourm    .   (no shield)
rNeg     . . .     Faith    .   Q - +0 plate armour
rPois    .         Spirit   +   (helmet restricted)
rElec    .         Reflect  .   p - scarf {Spirit}
rCorr    .         Harm     .   e - +0 pair of gloves
MR       .....                  G - +0 pair of boots
Stlth    ..........             (no amulet)
Regen    0.3/turn               z - ring of see invisible
MPRegen  0.2/turn               x - ring of ice

@: no status effects
A: retaliatory headbutt, horns 2
a: Berserk, Trog's Hand, Brothers in Arms, Burn Spellbooks, Renounce Religion


You were on level 10 of the Dungeon.
You worshipped Trog.
Trog was extremely pleased with you.
You were very hungry.

You visited 1 branch of the dungeon, and saw 10 of its levels.

You collected 763 gold pieces.

Inventory:

Hand Weapons
 J - a +2 war axe of venom (weapon)
Missiles
 b - 3 silver tomahawks (quivered)
Armour
 e - a +0 pair of gloves (worn)
 p - a scarf of spirit shield (worn)
 G - a +0 pair of boots (worn)
 Q - a +0 plate armour (worn)
Jewellery
 x - a ring of ice (right hand)
 z - a ring of see invisible (left hand)
 B - an uncursed ring of resist corrosion
 I - an uncursed ring of protection from cold
Wands
 K - a wand of paralysis (17/24)
Scrolls
 y - a scroll of magic mapping
 D - a scroll of blinking
 L - a scroll of fear
Potions
 g - 2 potions of curing
 j - 3 potions of flight
 k - 3 potions of brilliance
 m - a potion of invisibility
 o - a potion of resistance
 s - 2 potions of lignification
 t - 2 potions of agility
 u - a potion of ambrosia {unknown}
 v - 2 potions of might {unknown}
 M - a potion of berserk rage {unknown}
Books
 c - a book of Maledictions

   Spells                             Type                      Level
   a - Corona                         Hexes                        1
   b - Ensorcelled Hibernation        Hexes/Ice                    2
   c - Confuse                        Hexes                        3
   d - Tukima's Dance                 Hexes                        3
   e - Dazzling Spray                 Conjuration/Hexes            3
   Trog disapproves of the use of such an item.
 h - a book of Fire

   Spells                             Type                      Level
   a - Ignite Poison                  Fire/Transmutation/Poison    3
   b - Fireball                       Conjuration/Fire             5
   c - Bolt of Fire                   Conjuration/Fire             6
   d - Ring of Flames                 Charms/Fire                  7
   e - Ignition                       Fire                         8
   Trog disapproves of the use of such an item.
 E - a book of Frost

   Spells                             Type                      Level
   a - Freeze                         Ice                          1
   b - Throw Frost                    Conjuration/Ice              2
   c - Ozocubu's Armour               Charms/Ice                   3
   d - Throw Icicle                   Conjuration/Ice              4
   e - Summon Ice Beast               Ice/Summoning                4
   Trog disapproves of the use of such an item.
 N - a book of Misfortune

   Spells                             Type                      Level
   a - Confusing Touch                Hexes                        1
   b - Confuse                        Hexes                        3
   c - Gell's Gravitas                Translocation                3
   d - Petrify                        Transmutation/Earth          4
   e - Metabolic Englaciation         Hexes/Ice                    5
   f - Yara's Violent Unravelling     Hexes/Transmutation          5
   Trog disapproves of the use of such an item.
Comestibles
 f - 2 royal jellies
 w - a meat ration
 F - 12 fruits
 O - a bread ration


   Skills:
 + Level 10.9 Fighting
 + Level 11.0 Axes
 + Level 10.7 Armour
 + Level 9.7 Dodging


You had 10 spell levels left.
You didn't know any spells.

Dungeon Overview and Level Annotations

Branches:
Dungeon (10/15)            Temple (0/1) D:7            Lair (0/6) D:8
    Orc (0/2) D:10

Altars:
Dithmenos
Makhleb

Annotations:
D:10 Harold, Urug


Innate Abilities, Weirdness & Mutations

You reflexively headbutt those who attack you in melee.
You have a pair of horns on your head.


Message History

Items here: )) [ ÷ an enchanted war axe; a short sword; a chain mail; an orc skeleton
There is an open door, spattered with blood here.
Items here: )))))))))) [ ÷÷÷ An orc wizard comes into view.
It is wielding a dagger.
You barely miss the orc wizard.
The orc wizard hits you but does no damage.
You slash the orc wizard!
The orc wizard is poisoned.
The orc wizard is heavily wounded.
The orc wizard closely misses you.
You hit the orc wizard.
The orc wizard looks even sicker.
The orc wizard is almost dead.
The orc wizard barely misses you.
You slash the orc wizard!
You kill the orc wizard!
Trog accepts your kill.
Trog appreciates your killing of a magic user.
Harold points at you and mumbles some strange words.
The bolt of fire hits you! The fire burns you terribly!
You die...

#.# #...###### #
#.# #.......... #
#.######..########
# #.......>.# #
#..######.# .
.######..#### #.#
..(.........# #)#
.#######.##.###.#
####@.@.....#
#.o..##.#####
#.####.#...#
#.##########
#..#...# #.)).8.#
#.##...##
#.###.#'###+ #.##
# #.# #o##...#
#....


You could see Harold and Urug.

Vanquished Creatures
  A two-headed ogre (D:9)
  Pikel (D:7)
  Maurice (D:9)
  Joseph (D:10)
  4 gargoyles (D:8)
  The ghost of papiloppo the Skirmisher, an amateur MiBe of Trog (D:4)
  A hornet (D:8)
  2 hippogriffs
  Sigmund (D:5)
  Eustachio (D:6)
  Grum (D:9)
  2 water moccasins (D:10)
  2 orc warriors
  2 sky beasts
  3 black bears
  A slave (D:7)
  An ice beast (D:10)
  2 wolves (D:9)
  7 ogres
  2 phantoms
  An eye of draining (D:8)
  5 centaurs
  A big kobold (D:8)
  6 bullfrogs
  A wyvern zombie (D:8)
  4 scorpions
  2 water moccasin skeletons
  A howler monkey (D:6)
  3 crimson imps
  3 bullfrog zombies
  2 bullfrog skeletons
  A centaur zombie (D:6)
  3 hounds
  3 jellies
  5 orc priests
  A centaur skeleton (D:8)
  Ijyb (D:5)
  Jessica (D:3)
  3 iguanas
  10 orc wizards
  3 worker ants
  A hound zombie (D:8)
  A hound skeleton (D:5)
  A howler monkey zombie (D:9)
  A worker ant zombie (D:9)
  Robin (D:3)
  15 adders
  2 shadow imps (D:5)
  An ooze (D:1)
  2 adder skeletons
  4 worms
  3 dart slugs
  4 leopard geckos
  41 orcs
  9 bats
  11 giant cockroaches
  18 goblins
  6 hobgoblins
  12 jackals
  12 kobolds
  4 quokkas
  2 ball pythons
  4 frilled lizards
  2 jackal skeletons
  A leopard gecko zombie (D:5)
  2 quokka skeletons
  9 rats
266 creatures vanquished.

Vanquished Creatures (others)
  A slave (D:7)
  A crimson imp (D:7)
  An orc wizard (D:7)
  A shadow imp (D:7)
  An adder zombie (D:7)
  An orc (D:7)
  A quokka (D:7)
7 creatures vanquished.

Grand Total: 273 creatures vanquished

Notes
Turn   | Place    | Note
-------+----------+-------------------------------------------
     0 | D:1      | papiloppo the Minotaur Berserker began the quest for the Orb.
     0 | D:1      | Reached XP level 1. HP: 19/19 MP: 0/0
   198 | D:1      | Reached XP level 2. HP: 22/27 MP: 1/1
   349 | D:1      | Reached skill level 4 in Axes
   413 | D:1      | Reached ** piety under Trog
   556 | D:1      | Reached XP level 3. HP: 33/33 MP: 2/2
  1309 | D:2      | Reached XP level 4. HP: 29/41 MP: 3/3
  2036 | D:3      | Noticed Jessica
  2044 | D:3      | Killed Jessica
  2044 | D:3      | Reached XP level 5. HP: 47/47 MP: 4/4
  2111 | D:3      | Noticed an ogre
  2120 | D:3      | Killed an ogre
  2120 | D:3      | Reached skill level 5 in Fighting
  2120 | D:3      | Reached skill level 5 in Axes
  2263 | D:3      | Reached *** piety under Trog
  2292 | D:3      | Noticed Robin
  2305 | D:3      | Killed Robin
  2482 | D:3      | Reached XP level 6. HP: 56/56 MP: 5/5
  3152 | D:3      | Found a burning altar of Makhleb.
  3719 | D:4      | Reached XP level 7. HP: 62/62 MP: 6/6
  3816 | D:4      | Noticed papiloppo's ghost (amateur MiBe)
  3828 | D:4      | Killed papiloppo's ghost
  3828 | D:4      | Reached skill level 6 in Axes
  3828 | D:4      | Reached skill level 5 in Armour
  3828 | D:4      | Reached skill level 5 in Dodging
  4271 | D:5      | Entered Level 5 of the Dungeon
  4327 | D:5      | Noticed Ijyb
  4335 | D:5      | Killed Ijyb
  4580 | D:5      | Reached **** piety under Trog
  4754 | D:5      | Reached XP level 8. HP: 32/71 MP: 3/7
  5237 | D:5      | Noticed Sigmund
  5590 | D:6      | Noticed Eustachio
  5596 | D:6      | Reached skill level 7 in Axes
  5656 | D:6      | Killed Eustachio
  6337 | D:6      | Reached skill level 8 in Axes
  6725 | D:7      | Noticed a hippogriff
  6728 | D:7      | Reached XP level 9. HP: 81/81 MP: 8/8
  6729 | D:7      | Noticed Pikel
  6750 | D:7      | Killed Pikel
  7017 | D:7      | Found a staircase to the Ecumenical Temple.
  7487 | D:5      | Killed Sigmund
  7487 | D:5      | Reached skill level 9 in Axes
  7745 | D:6      | Reached ***** piety under Trog
  8621 | D:7      | Found a shadowy altar of Dithmenos.
  8960 | D:8      | Reached XP level 10. HP: 69/91 MP: 4/9
  9050 | D:8      | Found a staircase to the Lair.
  9646 | D:8      | Noticed a gargoyle
  9659 | D:8      | Killed a gargoyle
  9937 | D:8      | Noticed a gargoyle
  9946 | D:8      | Killed a gargoyle
  9946 | D:8      | Received a gift from Trog
  9946 | D:8      | Reached skill level 10 in Axes
 10084 | D:8      | Noticed a gargoyle
 10094 | D:8      | Killed a gargoyle
 10094 | D:8      | Reached skill level 10 in Fighting
 10265 | D:8      | Noticed a gargoyle
 10274 | D:8      | Killed a gargoyle
 10507 | D:9      | Noticed Grum
 10521 | D:9      | Killed Grum
 10521 | D:9      | Reached skill level 10 in Armour
 11086 | D:9      | Noticed a two-headed ogre
 11096 | D:9      | Killed a two-headed ogre
 11578 | D:9      | Reached XP level 11. HP: 101/101 MP: 10/10
 11636 | D:9      | Noticed Maurice
 11653 | D:9      | Killed Maurice
 11724 | D:10     | Entered Level 10 of the Dungeon
 12101 | D:10     | Found a staircase to the Orcish Mines.
 12171 | D:10     | Noticed Joseph
 12173 | D:10     | Noticed an enchanted great sword
 12174 | D:10     | Noticed Harold
 12174 | D:10     | Noticed a wizard
 12176 | D:10     | Noticed Urug
 12177 | D:10     | Killed Joseph
 12177 | D:10     | Reached skill level 11 in Axes
 12180 | D:10     | Noticed an orc knight
 12232 | D:10     | Killed from afar by Harold

Skill      XL: |  1  2  3  4  5  6  7  8  9 10 11 |
---------------+----------------------------------+-----
Axes           | 4 5 6 8 9 10 11 | 11.0
Fighting       | 4 5 6 8 9 10 | 10.9
Armour         | 3 4 5 7 8 10 | 10.7
Dodging        | 3 4 5 6 8 9 |  9.7

Action                   |  1- 3 |  4- 6 |  7- 9 | 10-12 || total
-------------------------+-------+-------+-------+-------++-------
Melee: Hand axe          |    91 |   148 |   133 |       ||   372
       Headbutt          |     9 |    25 |    54 |    51 ||   139
       War axe           |       |       |   164 |   213 ||   377
  Use: Scroll            |       |    10 |     6 |     8 ||    24
       Potion            |       |       |     1 |       ||     1
 Stab: Distracted        |       |       |       |     1 ||     1
  Eat: Chunk             |     1 |     4 |     3 |     3 ||    11
       Bread ration      |       |     1 |     3 |       ||     4
       Royal jelly       |       |       |       |     3 ||     3
Armor: Ring mail         |    33 |     2 |       |       ||    35
       Scale mail        |       |    52 |   115 |    27 ||   194
       Plate armour      |       |       |       |    26 ||    26
Dodge: Dodged            |    55 |    69 |   241 |   120 ||   485
